 Dungeon Crawl Stone Soup version 0.17.1-1-g73c8601 (webtiles) character file.

952 coffecat the Magician (level 7, -1/32 HPs)
             Began as a Spriggan Venom Mage on Jan 4, 2016.
             Was a Believer of Sif Muna.
             Slain by a wraith (2 damage)
             ... on level 6 of the Dungeon.
             The game lasted 00:33:15 (4896 turns).

coffecat the Magician (Spriggan Venom Mage)         Turns: 4896, Time: 00:33:17

Health: -1/32      AC:  4    Str:  5    XL:     7   Next: 90%
Magic:  9/18       EV: 20    Int: 18    God:    Sif Muna [**....]
Gold:   171        SH:  0    Dex: 16    Spells: 5 memorised, 8 levels left

rFire  . . .     SeeInvis +     o - +1 short sword (freeze)
rCold  . . .     Clarity  .     a - +2 robe
rNeg   . . .     SustAt   .     (shield restricted)
rPois  .         Gourm    .     (helmet restricted)
rElec  .         Spirit   .     (no cloak)
rCorr  .         Warding  .     (gloves unavailable)
rMut   .         Rnd*Tele +     (boots unavailable)
MR     +....                    g - amulet of faith
Stlth  ++........               (no ring)
                                t - ring of teleportation (curse)

@: liquid flames, slowed, glowing, quick, somewhat resistant to hostile
enchantments, unstealthy
A: unfitting armour, see invisible, herbivore 3, speed 3, slow metabolism 2
a: Channel Energy, Forget Spell, Renounce Religion, Evoke Teleportation


You were on level 6 of the Dungeon.
You worshipped Sif Muna.
Sif Muna was pleased with you.
You were not hungry.

You visited 1 branch of the dungeon, and saw 6 of its levels.

You collected 171 gold pieces.

Inventory:

Hand Weapons
 e - a +2 whip of flaming
 o - a +1 short sword of freezing (weapon)
 u - a +2 dagger of electrocution
Armour
 a - a +2 robe (worn)
Jewellery
 g - an amulet of faith (around neck)
 t - a cursed ring of teleportation (left hand)
 v - a +4 ring of strength {unknown}
Wands
 j - a wand of cold (5)
Scrolls
 d - a scroll of recharging
 i - a scroll of teleportation
 l - a scroll of identify
 w - a scroll of remove curse {unknown}
Potions
 k - a potion of haste
 m - a potion of brilliance {unknown}
 n - 2 potions of poison {unknown}
 p - 2 potions of curing
 q - a potion of cancellation {unknown}
 s - a potion of might {unknown}
Books
 b - a Young Poisoner's Handbook

   Spells                             Type                      Level
   a - Sting                          Conjuration/Poison           1
   b - Cure Poison                    Poison                       2
   c - Mephitic Cloud                 Conjuration/Poison/Air       3
   d - Olgreb's Toxic Radiance        Poison                       4
   e - Venom Bolt                     Conjuration/Poison           5
 f - a book of the Warp

   Spells                             Type                      Level
   a - Recall                         Summoning/Translocation      3
   b - Gell's Gravitas                Hexes/Translocation          3
   c - Force Lance                    Conjuration/Translocation    4
   d - Phase Shift                    Translocation                5
   e - Warp Weapon                    Charms/Translocation         5
   f - Summon Forest                  Summoning/Translocation      5
 r - a book of Flames

   Spells                             Type                      Level
   a - Flame Tongue                   Conjuration/Fire             1
   b - Throw Flame                    Conjuration/Fire             2
   c - Conjure Flame                  Conjuration/Fire             3
   d - Inner Flame                    Hexes/Fire                   3
   e - Sticky Flame                   Conjuration/Fire             4
   f - Fireball                       Conjuration/Fire             5
Comestibles
 c - 4 bread rations
 h - a slice of pizza


   Skills:
 + Level 0.8 Fighting
 + Level 0.4 Short Blades
 + Level 0.7 Maces & Flails
 + Level 5.3 Dodging
 + Level 4.5 Stealth
 * Level 7.4 Spellcasting
 + Level 1.9 Conjurations
 + Level 1.2 Fire Magic
 + Level 0.1 Air Magic
 + Level 5.6 Poison Magic


You had 8 spell levels left.
You knew the following spells:

 Your Spells              Type           Power        Failure   Level  Hunger
a - Sting                 Conj/Pois      ###.         1%          1    None
b - Cure Poison           Pois           ####......   1%          2    None
c - Mephitic Cloud        Conj/Pois/Air  ###.....     14%         3    #......
d - Throw Flame           Conj/Fire      ##....       12%         2    None
e - Olgreb's Toxic Radia  Pois           ####....     14%         4    ###....


Dungeon Overview and Level Annotations

Branches:
Dungeon (6/15)
 Temple: D:4-7

Altars:
Okawaru
Sif Muna

Annotations:
D:4 Dowan; Duvessa; emiel's ghost, novice FoGl


Innate Abilities, Weirdness & Mutations

You are tiny and cannot use many weapons and most armour.
You have supernaturally acute eyesight.
You are a herbivore.
You cover ground extremely quickly.
You need consume almost no food.


Message History

The worker ant is severely wounded.
You are more poisoned.
The deep elf mage looks even sicker.
The hill giant looks even sicker.
Your toxic aura wanes.
You feel sick.
You kill the worker ant!
You kill the adder!
The deep elf mage points at you and mumbles some strange words.
The sticky flame hits you!
You are covered in liquid flames!
The wraith hits you!
* * * LOW HITPOINT WARNING * * *
The hill giant misses you.
Drink which item? (? for menu, Esc to quit)
You feel better.
You are covered in liquid flames!
* * * LOW HITPOINT WARNING * * *
The wraith hits you.
* * * LOW HITPOINT WARNING * * *
The wraith drains your vigour!
You feel yourself slow down.
You die...

################
#...eF@†.......+
#....#CW.......#
#... #.........#
#.. #....)....#
#. #....)....# #
#.........#
#......$..#
#.........#
#.........# ###


You could see a hill giant, a wraith, a deep elf mage and a giant frog.

Vanquished Creatures
  Pikel (D:4)
  2 slaves (D:4)
  Blork the orc (D:4)
  A giant frog (D:6)
  A big kobold (D:5)
  An orc priest (D:4)
  An iguana (D:5)
  An orc wizard (D:4)
  A hound (D:5)
  2 worker ants
  7 adders
  A worm (D:3)
  4 giant geckos
  13 orcs
  4 hobgoblins
  4 jackals
  14 kobolds
  2 quokkas
  10 bats
  5 giant cockroaches
  A giant newt (D:1)
  3 goblins
  10 rats
90 creatures vanquished.

Vanquished Creatures (others)
  2 slaves (D:4)
2 creatures vanquished.

Grand Total: 92 creatures vanquished

Notes
Turn   | Place    | Note
--------------------------------------------------------------
     0 | D:1      | coffecat the Spriggan Venom Mage began the quest for the Orb.
     0 | D:1      | Reached XP level 1. HP: 9/9 MP: 5/5
   240 | D:1      | Reached XP level 2. HP: 13/13 MP: 4/6
   640 | D:2      | Reached XP level 3. HP: 14/16 MP: 5/8
  1054 | D:3      | Learned a level 2 spell: Cure Poison
  1058 | D:3      | Learned a level 3 spell: Mephitic Cloud
  1241 | D:3      | Reached XP level 4. HP: 13/21 MP: 0/10
  1978 | D:3      | Learned a level 2 spell: Throw Flame
  2764 | D:4      | Found a deep blue altar of Sif Muna.
  2767 | D:4      | Became a worshipper of Sif Muna the Loreminder
  2815 | D:4      | Noticed Blork the orc
  2818 | D:4      | Killed Blork the orc
  2818 | D:4      | Reached XP level 5. HP: 25/25 MP: 12/12
  2977 | D:4      | Noticed Duvessa
  2983 | D:4      | Noticed Dowan
  2996 | D:4      | Noticed emiel's ghost (novice FoGl)
  3146 | D:4      | Noticed a slave
  3146 | D:4      | Noticed a slave
  3146 | D:4      | Noticed a slave
  3147 | D:4      | Noticed Pikel
  3147 | D:4      | Noticed a slave
  3172 | D:4      | Killed a slave
  3183 | D:4      | Killed a slave
  3223 | D:4      | Killed Pikel
  3223 | D:4      | Reached * piety under Sif Muna
  3223 | D:4      | Reached skill level 6 in Spellcasting
  3223 | D:4      | Reached skill level 1 in Conjurations
  3223 | D:4      | Reached skill level 1 in Fire Magic
  3223 | D:4      | Reached skill level 5 in Poison Magic
  3223 | D:4      | Reached XP level 6. HP: 25/29 MP: 1/16
  3223 | D:4      | Reached XP level 7. HP: 27/32 MP: 1/17
  3597 | D:4      | Killed a freed slave
  3733 | D:4      | Killed a freed slave
  3781 | D:5      | Entered Level 5 of the Dungeon
  3820 | D:5      | Learned a level 4 spell: Olgreb's Toxic Radiance
  3903 | D:5      | Reached ** piety under Sif Muna
  3903 | D:5      | Reached skill level 5 in Dodging
  4237 | D:5      | Found an iron altar of Okawaru.
  4663 | D:6      | Reached skill level 7 in Spellcasting
  4880 | D:6      | Noticed a hill giant
  4881 | D:6      | Noticed a wraith
  4892 | D:6      | Noticed a deep elf mage
  4896 | D:6      | HP: 1/32 [wraith (4)]
  4896 | D:6      | Slain by a wraith

Action                   |  1- 3 |  4- 6 |  7- 9 || total
-------------------------+-------+-------+-------++-------
Melee: Whip              |    58 |    11 |       ||    69
       Unarmed           |     1 |       |       ||     1
       Dagger            |       |    46 |    17 ||    63
       Short sword       |       |       |    86 ||    86
       Morningstar       |       |       |    11 ||    11
 Cast: Sting             |    55 |    49 |    51 ||   155
       Throw Flame       |       |     5 |     2 ||     7
       Mephitic Cloud    |       |     2 |     5 ||     7
       Olgreb's Toxic Ra |       |       |     4 ||     4
       Cure Poison       |       |       |     3 ||     3
Evoke: Wand              |       |       |     1 ||     1
  Use: Scroll            |       |    10 |     1 ||    11
       Potion            |       |     3 |     1 ||     4
 Stab: Sleeping          |     2 |     1 |       ||     3
       Confused          |       |     1 |       ||     1
  Eat: Bread ration      |       |       |     1 ||     1
